 Dungeon Crawl Stone Soup version 0.18.1-50-g88ac8fd (console) character file.

173 Homage the Chopper (level 5, 0/45 HPs)
             Began as a Hill Orc Fighter on Oct 13, 2016.
             Was an Initiate of Okawaru.
             Succumbed to an orc's poison
             ... on level 4 of the Dungeon.
             The game lasted 00:09:04 (3172 turns).

Homage the Chopper (Hill Orc Fighter)               Turns: 3172, Time: 00:09:05

Health: 0/45       AC:  9    Str: 24    XL:     5   Next: 53%
Magic:  5/5        EV:  6    Int:  8    God:    Okawaru [......]
Gold:   105        SH:  9    Dex: 11    Spells: 0 memorised, 4 levels left

rFire  + . .     SeeInvis .     a - +0 war axe
rCold  . . .     Gourm    .     i - +0 chain mail
rNeg   . . .     Faith    .     c - +0 shield
rPois  .         Spirit   .     l - +0 hat
rElec  .         Dismiss  .     (no cloak)
rCorr  .         Reflect  .     (no gloves)
SustAt .         Harm     .     (no boots)
MR     .....                    (no amulet)
Stlth  ..........               (no ring)
                                e - ring of protection from fire

@: mighty, lethally poisoned (0 -> -2), very slightly contaminated, invisible
(expiring), not resistant to hostile enchantments, extremely unstealthy
A: no striking features
a: Renounce Religion


You were on level 4 of the Dungeon.
You worshipped Okawaru.
Okawaru was noncommittal.
You were not hungry.

You visited 1 branch of the dungeon, and saw 4 of its levels.

You collected 105 gold pieces.


   Skills:
 - Level 3.6 Fighting
 - Level 5.0 Axes
 + Level 4.4 Armour
 - Level 2.2 Dodging
 - Level 3.2 Shields


You had 4 spell levels left.
You didn't know any spells.

Inventory:

Hand Weapons
 a - a +0 war axe (weapon)
 b - a +0 blowgun
Missiles
 h - 8 tomahawks (quivered)
 n - 15 poisoned needles
Armour
 c - a +0 shield (worn)
 i - a +0 chain mail (worn)
 l - a +0 hat (worn)
Jewellery
 e - a ring of protection from fire (left hand)
Scrolls
 g - a scroll of magic mapping
 m - a scroll of enchant weapon
 o - a scroll of teleportation
Comestibles
 f - a bread ration
 j - 2 royal jellies
 k - 3 chunks of flesh


Message History

You kill the orc!
Okawaru accepts your kill.
You slash the jackal skeleton!
You destroy the jackal skeleton!
Okawaru accepts your kill. You block the ooze's attack.
You miss the phantom. You slash the ooze!
The ooze is heavily wounded.
You flicker for a moment.
* * * LOW HITPOINT WARNING * * *
You feel sick. You block the phantom's attack. The ooze closely misses you.
Press: ? - help, v - describe, . - travel The floor.
Press: ? - help, v - describe, . - travel, g - get item
Here: an ooze (heavily wounded)
A chain mail.
There is something else lying underneath.
The floor.
Found a flail.
You die...

##........
##.........
##..........
##...........
#............
#####...J[)......
........W<%......
######...).(....
#@.........
#..........
#....$....(
#..........
#..........
#####.#.... )##.
#


You could see a phantom and an ooze.

Vanquished Creatures
  An orc wizard (D:4)
  4 adders
  An ooze (D:2)
  2 dart slugs
  A giant gecko (D:1)
  9 orcs
  8 bats
  2 giant cockroaches
  7 goblins
  10 hobgoblins
  17 jackals
  2 quokkas
  3 giant newts
  A jackal skeleton (D:4)
  9 kobolds
  7 rats
84 creatures vanquished.

Notes
Turn   | Place    | Note
--------------------------------------------------------------
     0 | D:1      | Homage the Hill Orc Fighter began the quest for the Orb.
     0 | D:1      | Reached XP level 1. HP: 19/19 MP: 1/1
    37 | D:1      | Reached skill level 1 in Dodging
    46 | D:1      | Reached XP level 2. HP: 18/26 MP: 2/2
   494 | D:1      | Reached XP level 3. HP: 17/31 MP: 3/3
   755 | D:1      | Reached skill level 3 in Axes
  1568 | D:2      | Reached XP level 4. HP: 37/39 MP: 4/4
  1593 | D:2      | Reached skill level 4 in Axes
  1740 | D:2      | Found an ancient bone altar of Kikubaaqudgha.
  1741 | D:2      | Found an iron altar of Okawaru.
  1765 | D:2      | Became a worshipper of Warmaster Okawaru
  2379 | D:2      | Reached skill level 5 in Axes
  2389 | D:3      | Noticed seth0r's ghost (amateur SpAs)
  2456 | D:2      | Reached XP level 5. HP: 43/45 MP: 5/5
  2541 | D:2      | HP: 9/45 [poisoned by a kobold]
  2546 | D:2      | HP: 5/45 [poisoned by a kobold]
  2552 | D:2      | HP: 3/45 [poisoned by a kobold]
  2558 | D:2      | HP: 2/45 [poisoned by a kobold]
  2566 | D:2      | HP: 1/45 [poisoned by a kobold]
  3161 | D:4      | HP: 9/45 [poisoned by an orc]
  3162 | D:4      | HP: 2/45 [orc/whip (6)]
  3165 | D:4      | Noticed a phantom
  3169 | D:4      | HP: 1/45 [poisoned by an orc]
  3172 | D:4      | Succumbed to an orc's poison

Vault maps used:
D:1:      saegor_arrival_simple_c, minivault_19, hangedman_abyss_or_decor_stabs
D:2:      grunt_temple_overflow_open
D:3:      uniq_grinder
D:4:      first_bread, chequers_ossuary_entry_cave, minmay_mini_jars

Action                   |  1- 3 |  4- 6 || total
-------------------------+-------+-------++-------
Melee: War axe           |   195 |   180 ||   375
 Fire: Blowgun           |       |     3 ||     3
Throw: Tomahawk          |       |     3 ||     3
  Use: Scroll            |     5 |     3 ||     8
       Potion            |       |     4 ||     4
 Stab: Invisible         |       |     2 ||     2
  Eat: Chunk             |     3 |     5 ||     8
Armor: Scale mail        |    15 |       ||    15
       Chain mail        |   112 |   133 ||   245
Dodge: Dodged            |    51 |    54 ||   105
Block: Shield            |   123 |   129 ||   252
